 Dungeon Crawl Stone Soup version 0.32-a0-996-gb3226c2 (webtiles) character file.

Game seed: 14500041615339225630

13792 bochi the Fighter (level 12, 0/130 HPs)
             Began as an Oni Ice Elementalist on Apr 22, 2024.
             Was a High Priest of Okawaru.
             Slain by an anaconda simulacrum (4 damage)
             ... in an ice cave.
             The game lasted 00:13:46 (10467 turns).

bochi the Fighter (Oni Ice Elementalist)           Turns: 10467, Time: 00:13:46

Health: 0/130      AC: 19    Str: 17    XL:     12   Next: 9%
Magic:  34/34      EV: -2    Int: 18    God:    Okawaru [*****.]
Gold:   473        SH: 11    Dex:  9    Spells: 22/29 levels left

rFire   . . .        a - +12 eveningstar of Zoiphab {flame, rC+ MP+9}
rCold   + + .        Q - +0 kite shield {rC+}
rNeg    . . .        x - +5 robe of Night {Dark Will+ SInv}
rPois   .            (helmet restricted)
rElec   .            K - +2 cloak {Will+}
rCorr   .            (gloves unavailable)
SInv    +            (boots unavailable)
Will    +++..        f - amulet of reflection
Stlth   +            E - +4 ring of protection
HPRegen 0.41/turn    J - +4 ring of protection
MPRegen 0.24/turn

%: reflection
@: about to teleport, constricted
A: large, unfitting armour, horns 1, tough skin 1, double potion healing,
drunken brawling
a: Renounce Religion, Heroism, Finesse, Duel


You were in an ice cave.
You worshipped Okawaru.
Okawaru was extremely pleased with you.
You visited 3 branches of the dungeon, and saw 11 of its levels.
You also visited: Ice Cave.

You collected 512 gold pieces.
You spent 39 gold pieces at shops.

Inventory:

Hand Weapons
 a - the +12 eveningstar of Zoiphab (weapon) {flame, rC+ MP+9}
   (You acquired it on level 2 of the Lair of Beasts)

   rC+:       It protects you from cold.
   MP+9:      It affects your magic capacity (+9).
 P - a +1 war axe of flaming
Missiles
 h - 12 boomerangs
 k - a throwing net
Armour
 r - an orb of light
 x - the +5 robe of Night (worn) {Dark Will+ SInv}
   (You acquired it on level 6 of the Dungeon)

   Dark:      It shrouds the wearer in darkness, reducing the range at which
   they can see and be seen by others.
   Will+:     It increases your willpower.
   SInv:      It lets you see invisible.
 K - a +2 cloak of willpower (worn)
 Q - a +0 kite shield of cold resistance (worn)
Jewellery
 f - an amulet of reflection (around neck)
 t - a ring of resist corrosion
 z - a +6 ring of intelligence
 E - a +4 ring of protection (left hand)
 J - a +4 ring of protection (right hand)
 L - a ring of willpower
 N - a ring of ice
Wands
 b - a wand of digging (7)
 A - a wand of iceblast (12)
 F - a wand of mindburst (2) (quivered)
 I - a wand of light (7)
Scrolls
 c - a scroll of revelation
 d - 2 scrolls of teleportation
 g - a scroll of immolation
 j - 3 scrolls of enchant weapon
 l - 3 scrolls of poison
 n - a scroll of blinking {unknown}
 q - a scroll of vulnerability {unknown}
 s - a scroll of acquirement
 v - a scroll of brand weapon {unknown}
 y - a scroll of noise {unknown}
 B - 3 scrolls of torment {unknown}
 C - a scroll of amnesia {unknown}
 D - a scroll of enchant armour {unknown}
 M - a scroll of fog {unknown}
Potions
 e - 2 potions of curing
 i - a potion of haste
 m - a potion of brilliance
 o - 3 potions of lignification
 p - 2 potions of enlightenment
 u - 2 potions of attraction {unknown}
 w - a potion of might {unknown}
 G - a potion of cancellation {unknown}
 H - 2 potions of magic
 O - a potion of mutation {unknown}


   Skills:
 - Level 11.5 Fighting
 * Level 9.2 Maces & Flails
 + Level 2.7 Throwing
 - Level 1.7 Dodging
 - Level 1.4 Stealth
 - Level 9.2 Spellcasting
 - Level 9.0 Ice Magic
 + Level 9.0 Invocations


You had 22 spell levels left.
You knew the following spells:

 Your Spells              Type           Power      Damage    Failure   Level
a - Freeze                Ice            100%       1d10      1%          1
b - Frozen Ramparts       Ice            80%        1d13      1%          3
q - Ozocubu's Armour      Ice            40%        N/A       1%          3

Your spell library contained the following spells:

 Spells                   Type           Power      Damage    Failure   Level
 Shock                    Conj/Air       32%        1d5       28%         1
 Cigotuvi's Dreadful Rot  Necr/Alch/Air  16%        N/A       38%         2
 Mercury Vapours          Alch/Air       16%        N/A       38%         2
 Mephitic Cloud           Conj/Alch/Air  8%         N/A       63%         3
 Swiftness                Air            8%         N/A       63%         3
 Metabolic Englaciation   Hex/Ice        12%        N/A       77%         5
 Freezing Cloud           Conj/Ice/Air   9%         6-21      92%         5
 Airstrike                Air            4%         2d(1-17)  95%         4
 Dispel Undead            Necr           8%         3d8       95%         4
 Olgreb's Toxic Radiance  Alch           8%         N/A       95%         4
 Petrify                  Alch/Erth      8%         N/A       95%         4
 Ozocubu's Refrigeration  Ice            20%        4d11      99%         7
 Irradiate                Conj/Alch      4%         3d13      100%        5
 Discord                  Hex            4%         N/A       100%        8
 Fulsome Fusillade        Conj/Alch      4%         (3-5)d4   100%        8
 Summon Ice Beast         Ice/Summ       Unusable   N/A       N/A         3
 Martyr's Knell           Necr/Summ      Unusable   N/A       N/A         4

Dungeon Overview and Level Annotations

Branches:
Dungeon (8/15)             Temple (1/1) D:6            Lair (2/5) D:8
  IceCv (1/1)
  Swamp: Lair:2-3    Shoals: Lair:2-3     Snake: Lair:2-3    Spider: Lair:2-3

Altars:
Ashenzari
Dithmenos
Elyvilon
Fedhas
Okawaru
Ru
Sif Muna
Trog
Vehumet
Wu Jian
Xom
Yredelemnul
Zin
The Shining One

Shops:
D:6 *

Annotations:
D:3 2 transporters, DANddo's ghost, amateur DEHu
D:6 1 runed translucent door, ipoke's ghost, amateur TrFi
D:8 3 runed translucent doors, ksj2083's ghost, novice CoHu


Innate Abilities, Weirdness & Mutations

You are too large for most types of armour.
You have a pair of small horns on your head.
You have tough skin. (AC +1)
You gain doubled healing and magic from potions.
Whenever you drink a healing potion, you attack all around you.


Message History

You block the elephant simulacrum's attack.
The elephant simulacrum trunk-slaps you but does no damage.
Unknown command.
You take a swig of the potion and twirl the +12 eveningstar of Zoiphab {flame, rC+ MP+9}.
You hit the wolf simulacrum.
You melt the wolf simulacrum.
Your headbutt misses the wolf simulacrum.
The wolf simulacrum is heavily damaged.
You bludgeon the polar bear simulacrum!!
You melt the polar bear simulacrum!
The polar bear simulacrum vaporises!
Okawaru accepts your kill.
You hit the elephant simulacrum.
You melt the elephant simulacrum.
The elephant simulacrum is almost destroyed.
You sock the harpy simulacrum!
You melt the harpy simulacrum.
The harpy simulacrum is almost destroyed.
You hit the anaconda simulacrum.
You melt the anaconda simulacrum.
The anaconda simulacrum is moderately damaged.
You savour every drop.
You feel better.
The harpy simulacrum claws you but does no damage.
You block the harpy simulacrum's attack.
The wolf simulacrum bites you but does no damage.
You block the anaconda simulacrum's attack.
The anaconda simulacrum bites you.
* * * LOW HITPOINT WARNING * * *
The anaconda simulacrum freezes you. You resist.
* * * LOW HITPOINT WARNING * * *
The harpy simulacrum barely misses you. The harpy simulacrum claws you.
* * * LOW HITPOINT WARNING * * *
The harpy simulacrum freezes you. You resist.
* * * LOW HITPOINT WARNING * * *
The wolf simulacrum bites you.
* * * LOW HITPOINT WARNING * * *
The wolf simulacrum freezes you. You resist.
* * * LOW HITPOINT WARNING * * *
The elephant simulacrum tramples you but does no damage.
The elephant simulacrum barely misses you.
The anaconda simulacrum grabs you. The anaconda simulacrum bites you.
* * * LOW HITPOINT WARNING * * *
The anaconda simulacrum freezes you. You resist.
You die...

##......
#.....##
#..######
..# ..# ###
##... .#
###..
######....#
##....
#ß...ß...#
###...##
.....ZZZ##
###...###
....Z@...#
##...###
....Z○Z.##
#...## #
..._....#
#..### ##
........#
#....## #.
.ß...ß...
##....## #.
########.§
#..#...###.
.°°###...###
#°☼. ##...##
#### ##...#


You could see an anaconda simulacrum, a wolf simulacrum, a three-headed hydra
simulacrum, a death yak simulacrum, an elephant simulacrum and a harpy
simulacrum.

Vanquished Creatures
  Erica (D:8)
  Pikel (D:4)
  A necromancer (IceCv)
  An ugly thing (IceCv)
  An oklob plant (Lair:1)
  Maurice (D:8)
  An ice statue (IceCv)
  A black mamba (Lair:1)
  5 cane toads (Lair:1)
  A kobold demonologist (D:7)
  2 komodo dragons (Lair:1)
  Maggie (D:8)
  A freezing wraith (IceCv)
  9 ice devils (IceCv)
  A hornet (D:8)
  Sigmund (D:2)
  A dire elephant simulacrum (IceCv)
  3 yaks (Lair:2)
  A wyvern (Lair:1)
  6 death yak simulacra (IceCv)
  2 basilisks (Lair:1)
  A water moccasin (D:7)
  A harpy simulacrum (IceCv)
  An orc warrior (D:8)
  4 black bears
  An ice beast (D:5)
  2 ogres
  3 wolves (Lair:1)
  3 lemures (D:4)
  2 phantoms
  8 bullfrogs
  A kobold brigand (D:8)
  2 scorpions
  A two-headed ogre simulacrum (IceCv)
  A cane toad simulacrum (IceCv)
  4 wights (D:8)
  4 elephant simulacra (IceCv)
  2 electric eels (Lair:1)
  3 bombardier beetles
  5 hounds
  4 orc priests (D:7)
  A sleepcap (D:6)
  An iguana (D:5)
  7 orc wizards
  2 polar bear simulacra (IceCv)
  A spriggan simulacrum (IceCv)
  2 wolf simulacra (IceCv)
  Robin (D:3)
  5 adders
  8 gnolls
  2 naga simulacra (IceCv)
  5 shadow imps
  12 white imps (Lair:2)
  2 ufetubi (IceCv)
  A ribbon worm (D:4)
  2 dart slugs (D:1)
  22 orcs
  6 ball pythons
  3 bats
  3 endoplasms
  4 giant cockroaches
  7 hobgoblins
  3 kobolds
  3 quokkas
  4 frilled lizards
  16 goblins
  5 rats
223 creatures vanquished.

Notes
Turn   | Place    | Note
-------+----------+-------------------------------------------
     0 | D:1      | bochi the Oni Ice Elementalist began the quest for the Orb.
     0 | D:1      | Reached XP level 1. HP: 16/16 MP: 3/3
   161 | D:1      | Reached XP level 2. HP: 20/26 MP: 1/5
   276 | D:1      | Reached skill level 1 in Fighting
  1070 | D:2      | Reached XP level 3. HP: 28/33 MP: 0/7
  1074 | D:2      | Learned a level 3 spell: Frozen Ramparts
  1078 | D:2      | Learned a level 3 spell: Ozocubu's Armour
  1417 | D:2      | Noticed Sigmund
  1435 | D:2      | Killed Sigmund
  1436 | D:2      | Reached skill level 3 in Fighting
  1436 | D:2      | Reached skill level 5 in Ice Magic
  1436 | D:2      | Reached XP level 4. HP: 18/45 MP: 3/9
  1436 | D:2      | Reached XP level 5. HP: 21/53 MP: 3/10
  1674 | D:2      | Reached XP level 6. HP: 53/61 MP: 8/11
  2257 | D:3      | Noticed Robin
  2270 | D:3      | Killed Robin
  2699 | D:3      | Found a transporter.
  2701 | D:3      | Identified the +7 dire flail of Ryhug {flame, rN+ Stlth+}
  2702 | D:3      | Noticed DANddo's ghost (amateur DEHu)
  2704 | D:3      | Found a transporter.
  3109 | D:3      | Found a basalt altar of Yredelemnul.
  3109 | D:3      | Found an ornate altar of the Wu Jian Council.
  3274 | D:4      | Reached skill level 4 in Fighting
  3466 | D:4      | Found a glowing golden altar of the Shining One.
  3489 | D:4      | Noticed Pikel
  3745 | D:4      | Killed Pikel
  3746 | D:4      | Reached skill level 5 in Fighting
  3746 | D:4      | Reached skill level 5 in Spellcasting
  3746 | D:4      | Reached XP level 7. HP: 27/72 MP: 5/15
  3746 | D:4      | Reached XP level 8. HP: 30/81 MP: 5/16
  4301 | D:5      | Entered Level 5 of the Dungeon
  4314 | D:5      | Reached skill level 6 in Fighting
  4970 | D:5      | Reached skill level 7 in Fighting
  4970 | D:5      | Reached XP level 9. HP: 80/93 MP: 14/18
  5596 | D:6      | Found Kodiurecs's General Store.
  5604 | D:6      | Bought a scroll of teleportation for 39 gold pieces
  5653 | D:6      | Found a staircase to the Ecumenical Temple.
  5656 | D:6      | Found a broken altar of Ashenzari.
  5658 | D:6      | Found a bloodstained altar of Trog.
  5662 | Temple   | Entered the Ecumenical Temple
  5667 | Temple   | Became a worshipper of Warmaster Okawaru
  5994 | D:6      | Identified 2 scrolls of acquirement
  6004 | D:6      | Acquired the +5 robe of Night {Dark Will+ SInv}
  6004 | D:6      | Found the +5 robe of Night {Dark Will+ SInv}
  6224 | D:6      | Found a runed translucent door.
  6224 | D:6      | Noticed ipoke's ghost (amateur TrFi)
  6343 | D:7      | Reached skill level 1 in Maces & Flails
  6343 | D:7      | Reached skill level 1 in Invocations
  6688 | D:7      | Found a transporter.
  6692 | D:7      | Noticed a kobold demonologist
  6706 | D:7      | Found a transporter.
  7058 | D:7      | Killed a kobold demonologist
  7059 | D:7      | Reached skill level 8 in Fighting
  7059 | D:7      | Reached * piety under Okawaru
  7341 | D:8      | Noticed Maggie
  7363 | D:8      | Killed Maggie
  7364 | D:8      | Reached XP level 10. HP: 104/106 MP: 14/21
  7449 | D:8      | Noticed Maurice
  7454 | D:8      | Maurice stole 26 gold
  7455 | D:8      | Maurice stole a +4 ring of protection
  7468 | D:8      | Killed Maurice
  7515 | D:8      | Found a staircase to the Lair.
  7557 | D:8      | Reached ** piety under Okawaru
  7558 | D:8      | Reached skill level 9 in Fighting
  7866 | D:8      | Noticed ksj2083's ghost (novice CoHu)
  7867 | D:8      | Noticed a boulder beetle
  7870 | D:8      | Found a runed translucent gate.
  7870 | D:8      | Found a runed translucent gate.
  7871 | D:8      | Found a runed translucent gate.
  7876 | D:8      | Noticed Erica
  7881 | D:8      | Killed Erica
  7881 | D:8      | Reached *** piety under Okawaru
  7882 | D:8      | Reached skill level 5 in Invocations
  8212 | Lair:1   | Entered Level 1 of the Lair of Beasts
  8220 | Lair:1   | Noticed a black mamba
  8241 | Lair:1   | Killed a black mamba
  8246 | Lair:1   | Reached skill level 5 in Maces & Flails
  8516 | Lair:1   | Reached skill level 10 in Fighting
  8552 | Lair:1   | Noticed a cane toad
  8555 | Lair:1   | Noticed a cane toad
  8559 | Lair:1   | Killed a cane toad
  8565 | Lair:1   | Killed a cane toad
  8566 | Lair:1   | Reached XP level 11. HP: 62/118 MP: 18/24
  8730 | Lair:1   | Reached **** piety under Okawaru
  9098 | Lair:1   | Found a shimmering blue altar of Sif Muna.
  9099 | Lair:1   | Noticed an oklob plant
  9192 | Lair:1   | Killed an oklob plant
  9808 | Lair:2   | Reached skill level 11 in Fighting
  9834 | Lair:2   | Found a frozen archway.
  9857 | Lair:2   | Reached ***** piety under Okawaru
  9898 | Lair:2   | Acquired the +12 eveningstar of Zoiphab {flame, rC+ MP+9}
  9903 | IceCv    | Entered an ice cave
 10316 | IceCv    | Received a gift from Okawaru
 10420 | IceCv    | Noticed a white ugly thing
 10425 | IceCv    | Reached skill level 1 in Throwing
 10430 | IceCv    | Killed a white ugly thing
 10431 | IceCv    | Noticed a necromancer
 10444 | IceCv    | Killed a necromancer
 10445 | IceCv    | Reached XP level 12. HP: 71/130 MP: 25/25
 10456 | IceCv    | Received a gift from Okawaru
 10464 | IceCv    | Found an ancient bone altar of Kikubaaqudgha.
 10467 | IceCv    | HP: 4/130 [anaconda simulacrum (4)]
 10467 | IceCv    | Slain by an anaconda simulacrum

Illustrated notes

Levels and vault maps discovered:
D:1:      mrwooster_arrival_statue_3, layout_basic,
          nicolae_houndstooth_variations
D:2:      layout_basic, uniq_sigmund
D:3:      layout_basic, gammafunk_temple_overflow_elements,
          gammafunk_ghost_smash, minmay_hedge_maze,
          minmay_randomly_rotated_circles, uniq_robin
D:4:      layout_loops_cross, tso_oasis_becter, cheibrodos_gnoll_hut,
          uniq_pikel, uniq_duvessa
D:5:      layout_basic
D:6:      layout_rooms, chequers_temple_overflow_statue_of_worship,
          temple_statues, serial_shops, nicolae_shop_stone,
          gammafunk_ghost_grave
D:7:      gammafunk_wand_slinger, layout_rooms, grunt_decor_resistance
D:8:      layout_rooms, lair_entry_dummy, gammafunk_ghost_split, uniq_erica,
          uniq_maggie, uniq_maurice
Temple:   nicolae_temple_ecumenical_triangle
Lair:1:   layout_cave_shapes, lemuel_oklob_altar, serial_bayou_shore_a,
          grunt_megastairs_5
Lair:2:   layout_chaotic_city, mainiacjoe_shoals_entry_four_pools,
          minmay_snake_entry_spellcaster, portal_ice_cave_entry_imps,
          uniq_gastronok
IceCv:    ice_cave_small_necro

Skill      XL: |  1  2  3  4  5  6  7  8  9 10 11 12 |
---------------+-------------------------------------+-----
Fighting       | 1 3 5 7 8 10 11 | 11.5
Ice Magic      | 4 5 6 8 9 |  9.0
Spellcasting   | 3 5 6 7 9 |  9.2
Maces & Flails | 3 5 9 |  9.2
Invocations    | 3 6 8 9 |  9.0
Throwing       | 2 |  2.7
Dodging        | |  1.7
Stealth        | |  1.4

Action                     |  1- 3 |  4- 6 |  7- 9 | 10-12 || total
---------------------------+-------+-------+-------+-------++-------
  Melee: Unarmed           |     8 |       |       |       ||     8
         Headbutt          |     6 |    18 |    40 |    57 ||   121
         Dagger            |    12 |   132 |       |       ||   144
         Whip              |       |       |   121 |       ||   121
         Flail             |       |       |    21 |   129 ||   150
         Eveningstar       |       |       |       |   103 ||   103
   Cast: Freeze            |    32 |       |       |       ||    32
         Frozen Ramparts   |     1 |    11 |    16 |    17 ||    45
         Ozocubu's Armour  |       |     1 |     7 |    21 ||    29
 Invoke: Heroism           |       |       |     1 |     2 ||     3
  Evoke: Wand              |       |       |     7 |     8 ||    15
    Use: Scroll            |     1 |    10 |     4 |     3 ||    18
         Potion            |       |       |       |     1 ||     1
 Armour: Robe              |    36 |   107 |   128 |   251 ||   522
  Dodge: Dodged            |    20 |    59 |    54 |   134 ||   267
  Block: Other             |       |     6 |       |       ||     6
         Kite shield       |       |       |       |    40 ||    40

Table legend: (Time is in decaauts)
 A = Elapsed time spent in this place.
 B = Non-inter-level travel time spent in this place.
 C = Inter-level travel time spent in this place.
 D = Time resting spent in this place.
 E = Time spent auto-exploring this place.
 F = Levels seen in this place.
 G = Mean time per level.
                   A        B        C        D        E       F      G
               +--------+--------+--------+--------+--------+-----+--------+
         Total |  10500 |  10224 |    276 |    134 |   8489 |  12 |  875.0 |
       Dungeon |   8218 |   7989 |    229 |    134 |   6684 |   8 | 1027.2 |
        Temple |     10 |      2 |      8 |      0 |      0 |   1 |   10.0 |
          Lair |   1694 |   1655 |     39 |      0 |   1416 |   2 |  847.0 |
      Ice Cave |    577 |    577 |      0 |      0 |    389 |   1 |  577.0 |
               +--------+--------+--------+--------+--------+-----+--------+

Top non-repeatable levels by time:
  Lair:1: 1569 daAuts
     D:2: 1234 daAuts
     D:5: 1214 daAuts
     D:8: 1128 daAuts
     D:4: 1115 daAuts
     D:1: 998 daAuts
     D:3: 951 daAuts
     D:6: 816 daAuts
     D:7: 758 daAuts
   IceCv: 577 daAuts
  Lair:2: 124 daAuts
  Temple: 10 daAuts
